 Dungeon Crawl Stone Soup version 0.31-a0-1169-gd935f9fcdc (webtiles) character file.

Game seed: 7362320109566504019

4 GordonOverkill the Sneak (level 1, -5/16 HPs)
             Began as a Spriggan Delver on Dec 10, 2023.
             Killed by divine providence
             ... invoked by an orc priest
              (13 damage)
             ... on level 7 of the Dungeon.
             The game lasted 00:06:14 (979 turns).

GordonOverkill the Sneak (Spriggan Delver)           Turns: 979, Time: 00:06:14

Health: -5/16      AC:  2    Str:  8    XL:     1   Next: 50%
Magic:  3/3        EV: 17    Int: 11    God:
Gold:   114        SH:  0    Dex: 16    Spells: 1/1 levels left

rFire   . . .        a - +0 short sword
rCold   + . .        (no shield)
rNeg    . . .        b - +0 robe
rPois   .            (helmet restricted)
rElec   .            (no cloak)
rCorr   .            (gloves unavailable)
SInv    +            (boots unavailable)
Will    .....        (no amulet) Stlth
                     i - ring of protection from cold
HPRegen 0.22/turn    (no ring)
MPRegen 0.08/turn

%: no passive effects
@: berserking, very quick
A: very small, no large weapons, unfitting armour, see invisible, speed 3
a: no special abilities


You were on level 7 of the Dungeon.
You visited 1 branch of the dungeon, and saw 8 of its levels.

You collected 114 gold pieces.

Inventory:

Hand Weapons
 a - a +0 short sword (weapon)
Armour
 b - a +0 robe (worn)
Jewellery
 i - a ring of protection from cold (left hand)
Wands
 d - a wand of iceblast (2)
Scrolls
 c - 3 scrolls of fog
 h - a scroll of identify
 k - a scroll of teleportation {unknown}
Potions
 f - a potion of haste


   Skills:
 - Level 2.4 Fighting
 - Level 2.1 Short Blades
 - Level 2.6 Dodging
 - Level 7.2 Stealth
 + Level 0.8 Spellcasting
 + Level 0.5 Necromancy


You had one spell level left.
You didn't know any spells.
Your spell library contained the following spells:

 Spells                   Type           Power      Damage    Failure   Level
 Necrotise                Necr           4%         1d4       26%         1
 Vampiric Draining        Necr           1%         2d6       63%         3
 Agony                    Necr           1%         N/A       100%        5


Dungeon Overview and Level Annotations

Branches:
Dungeon (12/15)              Lair (0/5) D:9             Orc (0/2) D:10
 Temple: D:4-7

Altars:


Innate Abilities, Weirdness & Mutations

You are very small and have problems with some larger weapons.
You are too small for most types of armour.
You have supernaturally acute eyesight. (SInv)
You cover ground extremely quickly. (Speed+++)


Message History

You kill the orc!
You hear a shout! x7
You start resting.
An orc is nearby!
You hear the loud creaking of a portcullis very nearby.
You hit the orc but do no damage. The orc hits you with a +0 mace.
You closely miss the orc. The orc hits you with a +0 mace.
* * * LOW HITPOINT WARNING * * *
It was a potion of heal wounds.
You feel much better.
An orc priest comes into view.
It is wielding a +1 dagger of protection.
The orc closely misses you.
You hit the orc but do no damage. The orc hits you but does no damage.
Okay, then.
Okay, then.
You barely miss the orc. The orc hits you but does no damage.
You barely miss the orc. The orc hits you with a +0 mace!
Ouch! That really hurt!
* * * LOW HITPOINT WARNING * * *
Aiming: Dig
Press: ? - help, Shift-Dir - straight line A rock wall.
The rock shatters into small pieces.
The now-empty wand crumbles to dust.
A goblin comes into view. It is wielding a +0 hand axe.
The orc priest casts a cantrip, but nothing happens.
The orc barely misses you.
As you read the scroll labelled DEMUDGH PULEUFU, it crumbles to dust.
It is a scroll of identify.
j - a potion of berserk rage The orc barely misses you.
A red film seems to cover your vision as you go berserk!
You feel yourself moving faster!
You feel mighty!
The orc priest shouts!
You hear a shout!
You hear an angry hiss.
You hear a shout!
The orc barely misses you.
You puncture the orc!
You kill the orc!
The orc priest calls down the wrath of Beogh upon you.
Beogh smites you!
Ouch! That really hurt!
You die...

... ..~# ..
.....~## #.#
....o~≈ #.#
...... #.#
.#.#.# #..
.#.#.####o#
.####.#
.#..g.....#
.....o)#.#...#
#@##...#
##ooo..#
#####)# #
..#.### ...
.#...#
.........#.###
....###..#...#
......#..#.#.#
.........###.#


You could see 2 orc priests and 2 orcs.

Vanquished Creatures
  3 orcs (D:7)
3 creatures vanquished.

Notes
Turn   | Place    | Note
-------+----------+-------------------------------------------
     0 | D:5      | GordonOverkill the Spriggan Delver began the quest for the
                  | Orb.
     0 | D:5      | Reached XP level 1. HP: 11/11 MP: 2/2
   100 | D:7      | Noticed a sleepcap
   224 | D:8      | Noticed an orc warrior
   235 | D:8      | Noticed an orc warrior
   240 | D:8      | Noticed an orc wizard
   241 | D:8      | Noticed an orc wizard
   287 | D:9      | Noticed a wyvern
   323 | D:10     | Entered Level 10 of the Dungeon
   349 | D:10     | Identified the +3 quarterstaff "Hellblazer" {heavy, rC+
                  | Str+2}
   372 | D:10     | Noticed an orc wizard
   440 | D:11     | Noticed a wraith
   473 | D:11     | Noticed a cyclops
   500 | D:12     | Noticed a troll
   506 | D:11     | Noticed a kobold demonologist
   513 | D:10     | Noticed an orc wizard
   523 | D:10     | Noticed a two-headed ogre
   585 | D:10     | Noticed a yak
   585 | D:10     | Noticed a yak
   596 | D:9      | Noticed an orc wizard
   598 | D:9      | Noticed a centaur
   620 | D:9      | Noticed a bullfrog
   661 | D:9      | Noticed a wyvern
   663 | D:9      | Noticed a killer bee
   664 | D:9      | Noticed a killer bee
   674 | D:9      | Noticed a howler monkey
   674 | D:9      | Noticed a killer bee
   675 | D:9      | Noticed a killer bee
   677 | D:9      | Noticed a howler monkey
   679 | D:9      | Noticed a howler monkey
   844 | D:7      | Noticed an orc priest
   844 | D:7      | Noticed an orc wizard
   852 | D:7      | Noticed a hornet
   958 | D:7      | Noticed an orc wizard
   971 | D:7      | Noticed an orc priest
   979 | D:7      | Killed from afar by an orc priest

Illustrated notes

Levels and vault maps discovered:
D:5:      layout_loops_ring, nicolae_uskayaw_en_pointe,
          overflow_temple_1_default, minmay_misc_feat_roman,
          grunt_decor_fettered, minmay_fire_ice_demons, uniq_menkaure
D:6:      layout_basic, zin_treasury, nicolae_vehumet_radiance,
          xom_teletrap_fun, nicolae_ru_the_path_less_chosen, nrook_mini_vaults,
          uniq_blork_the_orc
D:7:      layout_basic, kennysheep_orc_sif_temple,
          minmay_temple_entry_offerings, enter_bailey_3,
          kennysheep_generic_room_13, uniq_crazy_yiuf_cottage
D:8:      layout_loops_cross, lemuel_round_altar, mainiacjoe_overflow_alcove_1,
          st_stairs_3
D:9:      layout_long_grid, overflow_temple_1_default, david_lair_shrubbed,
          gammafunk_ghost_hydra_chop, item_on_display_a
D:10:     layout_irregular_city, orc_0_dummy
D:11:     layout_loops_ring
D:12:     layout_gridville

Action                     || total
---------------------------++-------
  Melee: Short sword       ||    17
  Evoke: Wand              ||     4
    Use: Scroll            ||     5
         Potion            ||     2
 Armour: Robe              ||    14
  Dodge: Dodged            ||    12

Table legend: (Time is in decaauts)
 A = Elapsed time spent in this place.
 B = Non-inter-level travel time spent in this place.
 C = Inter-level travel time spent in this place.
 D = Time resting spent in this place.
 E = Time spent auto-exploring this place.
 F = Levels seen in this place.
 G = Mean time per level.
                   A        B        C        D        E       F      G
               +--------+--------+--------+--------+--------+-----+--------+
         Total |    680 |    652 |     28 |    142 |      0 |   8 |   85.0 |
       Dungeon |    680 |    652 |     28 |    142 |      0 |   8 |   85.0 |
               +--------+--------+--------+--------+--------+-----+--------+

Top non-repeatable levels by time:
    D:10: 152 daAuts
     D:7: 148 daAuts
     D:8: 148 daAuts
     D:9: 121 daAuts
    D:11: 53 daAuts
     D:6: 29 daAuts
    D:12: 25 daAuts
     D:5: 1 daAuts
